 Dungeon Crawl Stone Soup version 0.31.0-32-g396128a36d (webtiles) character file.

Game seed: 12348006784771937331

5293 DarkStar the Grappler (level 10, -5/89 HPs)
             Began as a Ghoul Fighter on Mar 21, 2024.
             Was a Follower of Wu Jian.
             Killed from afar by a raiju (12 damage)
             ... with a living lightning
             ... on level 8 of the Dungeon.
             The game lasted 00:20:45 (7436 turns).

DarkStar the Grappler (Ghoul Fighter)               Turns: 7436, Time: 00:20:45

Health: -5/89      AC: 13    Str: 25    XL:     10   Next: 63%
Magic:  10/10      EV:  8    Int:  7    God:    Wu Jian [*.....]
Gold:   283        SH:  6    Dex:  8    Spells: 9/9 levels left

rFire   . .          .
                       - Unarmed
rCold   + . .        b - +1 buckler
rNeg    + + +        p - +0 chain mail
rPois   ∞            (no helmet)
rElec   .            g - +2 cloak {Will+}
rCorr   .            (no gloves)
SInv    .            (no boots)
Will    +....        h - amulet of regeneration Stlth
                     (no ring)
HPRegen 0.00/turn    (no ring)
MPRegen 0.12/turn

%: no passive effects
@: inhibited regen, invisible
A: claws 1, cold resistance 1, negative energy resistance 3, inhibited
regeneration, torment resistance 2, devour on kill
a: Renounce Religion


You were on level 8 of the Dungeon.
You worshipped Wu Jian.
Wu Jian was aware of your devotion.
You visited 2 branches of the dungeon, and saw 9 of its levels.
You also visited: Sewer.

You collected 562 gold pieces.
You spent 279 gold pieces at shops.

Inventory:

Missiles
 i - 4 boomerangs (quivered)
 m - 2 throwing nets
Armour
 b - a +1 buckler (worn)
 c - a +0 pair of boots
 g - a +2 cloak of willpower (worn)
 l - the +1 robe "Dojerek" {rElec rN+++ Dex-2}
   (You found it in a sewer)

   Dex-2:     It affects your dexterity (-2).
   rElec:     It insulates you from electricity.
   rN+++:     It renders you almost immune to negative energy.
 p - a +0 chain mail (worn)
Jewellery
 h - an amulet of regeneration (around neck)
Wands
 n - a wand of flame (16)
Scrolls
 d - 2 scrolls of poison
 o - a scroll of fog
Potions
 a - a potion of mutation {unknown}
 e - a potion of invisibility
 f - a potion of ambrosia {unknown}
 j - a potion of lignification {unknown}
 k - a potion of curing {unknown}


   Skills:
 + Level 8.3 Fighting
 + Level 6.9 Armour
 + Level 6.9 Shields
 * Level 10.9 Unarmed Combat


You had 9 spell levels left.
You didn't know any spells.
Your spell library contained the following spells:

 Spells                   Type           Power      Damage    Failure   Level
 Slow                     Hex            0%         N/A       94%         1
 Blink                    Tloc           0%         N/A       98%         2
 Lesser Beckoning         Tloc           0%         N/A       98%         2
 Momentum Strike          Conj/Tloc      0%         3d8       98%         2
 Static Discharge         Conj/Air       0%         3-3/arc   98%         2
 Call Canine Familiar     Summ           0%         N/A       100%        3
 Confusing Touch          Hex            0%         N/A       100%        3
 Frozen Ramparts          Ice            0%         1d1       100%        3
 Gell's Gravitas          Tloc           0%         N/A       100%        3
 Sigil of Binding         Hex            0%         N/A       100%        3
 Teleport Other           Tloc           0%         N/A       100%        3
 Vampiric Draining        Necr           0%         2d6       100%        3
 Airstrike                Air            0%         2d(0-16)  100%        4
 Dimensional Bullseye     Hex/Tloc       0%         N/A       100%        4
 Leda's Liquefaction      Alch/Erth      0%         N/A       100%        4
 Manifold Assault         Tloc           0%         N/A       100%        4
 Petrify                  Alch/Erth      0%         N/A       100%        4
 Summon Lightning Spire   Summ/Air       0%         N/A       100%        4
 Metabolic Englaciation   Hex/Ice        0%         N/A       100%        5
 Dispersal                Tloc           0%         N/A       100%        6
 Disjunction              Tloc           0%         N/A       100%        8


Dungeon Overview and Level Annotations

Branches:
Dungeon (8/15)             Temple (1/1) D:6           Sewer (visited)
   Lair: D:8-11

Altars:
Ashenzari
Cheibriados
Dithmenos
Fedhas
Gozag
Hepliaklqana
Kikubaaqudgha
Makhleb
Nemelex Xobeh
Okawaru
Qazlal
Ru
Sif Muna
Trog
Uskayaw
Vehumet
Wu Jian
Xom
Yredelemnul

Shops:
D:5 *


Innate Abilities, Weirdness & Mutations

You are immune to poison.
You have sharp fingernails.
Your flesh is cold resistant. (rC+)
You are immune to negative energy. (rN+++)
You do not regenerate when monsters are visible.
You are immune to unholy pain and torment.
You thrive by killing the living.


Message History

You spin and attack the raiju.
You miss the raiju. The raiju bites you but does no damage.
The electric eel shoots out a bolt of lightning at you!
The bolt of electricity hits you! The raiju attacks as it pursues you!
The raiju bites you. The raiju shocks you!
You fade into invisibility!
You block the raiju's attack.
You scratch the raiju.
The raiju is lightly wounded.
You claw the raiju!
The raiju is heavily wounded.
The raiju bursts into living lightning!
The living lightning hits you!
The raiju blinks!
You lunge at the raiju, in a flurry of attacks.
You claw the raiju!
The raiju is almost dead.
You closely miss the raiju.
The raiju is almost dead.
The raiju barely misses you.
You barely miss the raiju.
The raiju is almost dead.
The raiju bursts into living lightning!
The living lightning hits you.
The raiju blinks!
Throw: 4 boomerangs
Press: ? - help, Q - select action, (/) - cycle Shift-Dir - straight line, f - raiju
Aim: a raiju (almost dead, 39% to hit)
You throw a boomerang. The boomerang closely misses the raiju.
The raiju bursts into living lightning!
The living lightning hits you!
* * * LOW HITPOINT WARNING * * *
The raiju blinks!
You lunge at the raiju.
You barely miss the raiju.
The raiju is almost dead.
The raiju bursts into living lightning!
The living lightning hits you!
* * * LOW HITPOINT WARNING * * *
The raiju blinks!
The raiju bursts into living lightning!
The living lightning hits you!
You die...

#~...~~ #.....#..
#≈~...S #.######.
#S...≈ #.#.#.)..
#≈~... ####...#)##.
####...###........##.
#.................##.
#.###<#.....###.#....
#####.....###..>##.
#.@....h...........
#.####....#####.#..
.... ....## #.#..
###....##### #.# .
####. # .# #


You could see a raiju.

Vanquished Creatures
  A two-headed ogre (D:7)
  Pikel (D:7)
  Grinder (D:3)
  Sigmund (D:4)
  3 yaks (D:8)
  A water moccasin (D:8)
  An acid dragon (D:8)
  4 ice beasts
  A sky beast (D:7)
  2 black bears
  An ogre (D:4)
  3 centaurs
  2 phantoms
  A kobold brigand (D:6)
  7 bullfrogs
  Blork the orc (D:4)
  3 scorpions
  3 wights (D:8)
  9 killer bees
  3 hounds
  A jelly (D:6)
  A gnoll bouda (D:7)
  An orc priest (D:6)
  4 iguanas
  3 sleepcaps
  Natasha (D:3)
  2 orc wizards
  11 gnolls
  13 adders
  A shadow imp (D:5)
  A white imp (D:5)
  12 dart slugs
  3 ribbon worms
  8 orcs
  14 ball pythons
  5 endoplasms
  14 giant cockroaches
  6 goblins
  5 hobgoblins
  2 jackals (D:2)
  9 kobolds
  3 quokkas
  4 bats
  8 frilled lizards
  3 rats
184 creatures vanquished.

Notes
Turn   | Place    | Note
-------+----------+-------------------------------------------
     0 | D:1      | DarkStar the Ghoul Fighter began the quest for the Orb.
     0 | D:1      | Reached XP level 1. HP: 19/19 MP: 1/1
   236 | D:1      | Reached XP level 2. HP: 23/26 MP: 2/2
   686 | D:2      | Reached XP level 3. HP: 30/31 MP: 3/3
   756 | D:2      | Noticed a phantom
   761 | D:2      | Killed a phantom
   762 | D:2      | Reached skill level 3 in Unarmed Combat
   762 | D:2      | Reached XP level 4. HP: 31/40 MP: 4/4
   944 | D:2      | Found a stormy altar of Qazlal.
  1128 | D:2      | Reached XP level 5. HP: 40/46 MP: 5/5
  1648 | D:3      | Reached skill level 4 in Unarmed Combat
  1720 | D:3      | Noticed Natasha
  1727 | D:3      | Killed Natasha
  2046 | D:3      | Found a sacrificial altar of Ru.
  2053 | D:3      | Found a hazy altar of Hepliaklqana.
  2173 | D:4      | Found a hide-covered altar of Uskayaw.
  2176 | D:4      | Noticed a +0 hand axe
  2176 | D:4      | Noticed a +0 dagger
  2206 | D:4      | Reached XP level 6. HP: 52/52 MP: 6/6
  2208 | D:4      | Noticed Grinder
  2212 | D:4      | Paralysed by Grinder for 5 turns
  2212 | D:4      | Noticed Sigmund
  2265 | D:3      | Killed Grinder
  2266 | D:3      | Reached skill level 5 in Unarmed Combat
  2415 | D:3      | Reached XP level 7. HP: 51/60 MP: 7/7
  2583 | D:4      | Reached skill level 5 in Fighting
  2586 | D:4      | Identified the +7 falchion "Afetiek" {speed, Fly rElec
                  | Will- Dex+5}
  2731 | D:4      | You fall into a shaft and drop 1 floor!
  2731 | D:5      | Entered Level 5 of the Dungeon
  2741 | D:5      | Reached skill level 6 in Unarmed Combat
  2805 | D:5      | Reached XP level 8. HP: 54/68 MP: 8/8
  2893 | D:5      | Found Otwowabe's General Store.
  3047 | D:4      | Killed Sigmund
  3048 | D:4      | Reached skill level 7 in Unarmed Combat
  3299 | D:4      | Noticed Blork the orc
  3307 | D:4      | Killed Blork the orc
  3308 | D:4      | Reached skill level 5 in Armour
  3712 | D:5      | Reached skill level 5 in Shields
  3786 | D:5      | Identified the +0 whip "Conservator" {pain, Int-4 Dex+6}
  4291 | D:6      | Reached skill level 8 in Unarmed Combat
  4291 | D:6      | Reached XP level 9. HP: 53/77 MP: 9/9
  4693 | D:6      | Found a glowing drain.
  4709 | Sewer    | Entered a sewer
  5078 | Sewer    | Identified the +1 robe "Dojerek" {rElec rN+++ Dex-2}
  5208 | D:6      | Found a staircase to the Ecumenical Temple.
  5225 | Temple   | Entered the Ecumenical Temple
  5231 | Temple   | Became a worshipper of the Wu Jian Council
  5725 | D:7      | Reached skill level 9 in Unarmed Combat
  6244 | D:7      | Noticed a two-headed ogre
  6499 | D:7      | Killed a two-headed ogre
  6500 | D:7      | Reached skill level 10 in Unarmed Combat
  6500 | D:7      | Reached XP level 10. HP: 88/88 MP: 10/10
  6732 | D:5      | Bought a +2 cloak of willpower for 279 gold pieces
  6957 | D:7      | Noticed Pikel
  6988 | D:7      | Killed Pikel
  7334 | D:8      | Reached * piety under Wu Jian
  7436 | D:8      | Killed from afar by a raiju

Illustrated notes

Levels and vault maps discovered:
D:1:      lemuel_arrival_behind_the_door_small, layout_basic
D:2:      layout_basic, basic_altar
D:3:      layout_basic, mainiacjoe_overflow_big_doors, serial_glass,
          glass_columns_a, glass_columns_a, glass_columns_c, glass_columns_c,
          glass_columns_b, glass_columns_c, glass_columns_b, glass_columns_a,
          glass_columns_a, glass_columns_a, moated_statue, uniq_natasha
D:4:      layout_gridville, dancing_weapons_uskayaw, minmay_quadrilaterals,
          uniq_blork_the_orc, uniq_sigmund, uniq_grinder
D:5:      layout_basic, serial_shops, shop, minmay_misc_feat_tower
D:6:      layout_cave_pods, minmay_temple_entry_junction_2,
          portal_sewer_entry_f, nicolae_nh_ransacked_shop
D:7:      layout_basic, minivault_5, uniq_pikel
D:8:      layout_basic, hangedman_abyss_or_decor_clamps,
          nicolae_have_a_lightning_rod
Temple:   hellmonk_temple_of_storms

Skill      XL: |  1  2  3  4  5  6  7  8  9 10 |
---------------+-------------------------------+-----
Armour         | 3 4 5 6 |  6.9
Shields        | 3 4 5 6 |  6.9
Unarmed Combat | 3 4 5 6 8 10 | 10.9
Fighting       | 4 5 6 7 8 |  8.3

Action                     |  1- 3 |  4- 6 |  7- 9 | 10-12 || total
---------------------------+-------+-------+-------+-------++-------
  Melee: Unarmed           |    53 |   120 |   382 |    94 ||   649
  Throw: Stone             |     1 |    17 |       |       ||    18
         Boomerang         |       |    20 |    35 |     6 ||    61
         Throwing net      |       |       |     1 |       ||     1
Ability: Lunge             |       |       |     1 |     6 ||     7
         Whirlwind         |       |       |       |     1 ||     1
  Evoke: Wand              |       |       |     8 |       ||     8
    Use: Scroll            |     2 |     4 |     5 |     2 ||    13
         Potion            |     1 |       |     1 |     1 ||     3
   Stab: Held in net/web   |       |       |     1 |       ||     1
         Distracted        |       |       |       |     1 ||     1
 Armour: Scale mail        |    19 |    66 |   283 |       ||   368
         Chain mail        |       |       |       |    52 ||    52
  Dodge: Dodged            |    14 |    39 |   132 |    19 ||   204
  Block: Buckler           |     6 |    11 |    82 |    19 ||   118
